cohdb
Replays
Latest Replays
All Replays
Popular Replays
Top Player Replays
Match Explorer
How It Works
Community
CoH3 Stats
Reddit
Sign in to upload your games and track your stats! →
Sign in with Steam
Match 32860801
Unlisted
Match 32860801
Overview
Messages
Build Orders
End
Construct Barracks
Selects Advanced Infantry Battlegroup
Riflemen Squad
M1 Mortar Team
Riflemen Squad
Selects Convert to Ranger Squad
Convert to Ranger Squad
Infantry Support Center
Riflemen Squad
Advanced Logistics
Selects Ammunition Storage
Engineer Squad
Convert to Ranger Squad
.30 cal Machine Gun
Selects Frontline Medical Station
Survival Training
Construct Motor Pool
Convert to Ranger Squad
Selects M2A1 105mm Howitzer Emplacement
M1 Anti-tank Gun Team
Frontline Medical Station
AI Takeover
Deadpool (OCdt)
Q7PoloRalph_Trendsetter
ChunKee
el campo
Доктор Гувер[POINTRUNNER]
MaXiS
0
0
Comments
sign in to comment!
No comments posted yet!